Map: Ley Lines

Players

kitune - Winner!

  • Race: Protoss Protoss
  • Spawn Location: 7:00

A.I. 1 (Very Easy)

  • Race: Protoss Protoss
  • Spawn Location: 1:00

VOD

Have the link to the VOD?

Description

Time

  • Played on: Aug. 19, 2025, 5:02 a.m.
  • Length: 13:40
Show
View Real Time Build Order
Export as new Build Order

kitune Protoss - Winner!

Build Orders: 1 Gate Expand, Carriers 

Get SALT Encoding   

  12  0:00  Probe  
  13  0:12  Probe  
  14  0:20  Pylon  
  14  0:25  Probe  
  15  0:36  Probe  
  15  0:39  Gateway  
  16  0:44  Probe  
  16  0:46  Assimilator  
  17  0:53  Probe  
  18  1:05  Probe  
  19  1:17  Probe  
  20  1:26  Nexus  
  20  1:35  Cybernetics Core  
  20  1:40  Probe  
  20  1:44  Assimilator  
  21  1:52  Probe  
  22  1:55  Pylon  
  22  2:04  Probe  
  23  2:13  Stargate  
  23  2:21  Stalker  
  23  2:23  Forge  
  25  2:30  Probe  
  25  2:36  Probe  
  26  2:39  Probe  
  28  2:44  Probe  
  28  2:47  Probe  
  30  2:54  Probe, Void Ray  
  31  3:02  Probe  
  36  3:06  Probe  
  37  3:14  Shield Battery, Probe  
  39  3:26  Probe  
  39  3:28  Void Ray  
  39  3:31  Probe  
  44  3:40  Probe  
  45  3:43  Probe  
  45  3:47  Pylon  
  46  3:52  Pylon  
  46  3:57  Void Ray  
  46  4:05  Probe x2  
  46  4:06  Pylon  
  52  4:17  Probe x2  
  54  4:25  Assimilator  
  54  4:28  Assimilator, Void Ray  
  54  4:29  Probe x2  
  60  4:41  Probe x2  
  62  4:46  Pylon  
  62  4:50  Pylon  
  62  4:53  Probe  
  62  4:59  Void Ray  
  67  5:07  Fleet Beacon  
  67  5:39  Forge  
  67  5:41  Void Ray  
  71  5:48  Stargate  
  75  6:24  Void Ray  
  75  6:25  Nexus  
  75  6:28  Probe x2, Pylon  
  75  6:30  Pylon  
  75  6:32  Pylon  
  77  6:36  Probe x2  
  77  6:45  Probe  
  77  6:46  Probe  
  79  6:50  Robotics Facility  
  81  6:55  Shield Battery, Flux Vanes  
  81  6:57  Probe  
  81  6:58  Shield Battery, Probe  
  87  7:01  Photon Cannon  
  87  7:03  Photon Cannon  
  87  7:05  Photon Cannon  
  87  7:07  Photon Cannon, Void Ray  
  91  7:09  Photon Cannon  
  91  7:12  Photon Cannon  
  91  7:14  Void Ray  
  91  7:20  Probe x2  
  93  7:32  Cybernetics Core, Probe x2  
  93  7:34  Carrier  
  95  7:41  Carrier  
  101  7:44  Probe x2  
  109  7:56  Assimilator, Probe  
  110  7:59  Probe x2  
  110  8:00  Assimilator  
  112  8:08  Probe  
  112  8:09  Pylon  
  112  8:10  Pylon  
  113  8:23  Protoss Air Weapons Level 1, Protoss Air Armor Level 1  
  113  8:26  Probe  
  113  8:27  Probe x2  
  116  8:38  Probe, Carrier  
  116  8:39  Probe x2  
  125  8:45  Carrier  
  131  8:52  Nexus  
  131  8:54  Pylon  
  131  8:56  Pylon  
  131  8:59  Pylon  
  131  9:02  Pylon  
  131  9:09  Stargate  
  131  9:12  Stargate  
  131  9:28  Shield Battery  
  131  9:31  Shield Battery  
  131  9:32  Shield Battery  
  131  9:35  Photon Cannon  
  131  9:36  Photon Cannon  
  131  9:38  Photon Cannon, Probe x3  
  133  9:41  Photon Cannon  
  133  9:42  Assimilator, Observer, Carrier  
  133  9:43  Assimilator  
  141  9:46  Carrier  
  141  9:51  Probe  
  148  9:54  Carrier  
  148  10:00  Observer  
  155  10:09  Carrier  
  161  10:26  Probe x4  
  165  10:36  Carrier  
  165  10:38  Probe  
  166  10:44  Carrier  
  166  10:46  Protoss Air Weapons Level 2  
  172  10:50  Probe  
  179  11:10  Protoss Air Armor Level 2, Carrier  
  184  11:22  Carrier  
  188  11:49  Nexus  
  188  11:51  Pylon  
  188  11:52  Pylon  
  188  11:54  Pylon  
  188  11:56  Pylon  
  188  12:05  Pylon  
  188  12:07  Pylon  
  188  12:10  Photon Cannon, Carrier  
  188  12:12  Photon Cannon, Carrier  
  188  12:14  Photon Cannon  
  200  12:16  Photon Cannon  
  200  12:18  Photon Cannon  
  200  12:20  Photon Cannon  
  200  12:22  Photon Cannon  
  200  12:26  Photon Cannon  
  200  12:28  Shield Battery  
  200  12:30  Shield Battery, Photon Cannon  
  200  12:32  Shield Battery  
  200  12:36  Photon Cannon  
  200  12:38  Photon Cannon  
  200  12:40  Photon Cannon  
  200  12:42  Photon Cannon  
  200  12:47  Photon Cannon  
  200  12:52  Photon Cannon  
  200  12:53  Photon Cannon  
Show
View Real Time Build Order
Export as new Build Order

A.I. 1 (Very Easy) Protoss 

Build Orders: 1 Gate Expand, Nexus First 

Get SALT Encoding   

  12  0:00  Probe  
  13  0:13  Probe  
  14  0:19  Pylon  
  14  0:42  Gateway  
  14  1:01  Nexus  
  14  1:19  Pylon  
  14  1:21  Zealot  
  14  1:24  Assimilator  
  16  1:36  Cybernetics Core  
  16  1:38  Probe  
  17  1:50  Probe  
  18  1:59  Assimilator  
  18  2:00  Probe  
  18  2:04  Stalker  
  19  2:08  Probe  
  22  2:17  Probe  
  22  2:21  Warp Gate  
  23  2:23  Probe  
  24  2:31  Probe  
  25  2:39  Probe  
  26  2:56  Probe  
  26  2:57  Assimilator  
  27  3:00  Pylon  
  27  3:03  Probe  
  28  3:10  Probe  
  29  3:16  Robotics Facility  
  29  3:18  Probe  
  30  3:21  Probe  
  30  3:23  Zealot  
  33  3:32  Probe  
  34  3:36  Probe  
  35  3:46  Probe  
  36  3:53  Probe  
  37  4:00  Probe  
  38  4:03  Observer  
  38  4:06  Probe  
  40  4:13  Assimilator  
  40  4:15  Observer, Probe  
  41  4:18  Probe  
  43  4:29  Probe  
  44  4:32  Sentry  
  44  4:36  Probe  
  47  4:41  Pylon  
  47  4:43  Probe  
  48  4:51  Probe  
  49  4:58  Probe  
  50  6:02  Stalker  
  52  6:05  Pylon  
  51  6:19  Nexus  
  51  6:26  Pylon  
  51  6:31  Zealot  
  53  6:45  Probe  
  54  6:52  Pylon  
  54  6:59  Immortal  
  58  7:28  Stalker  
  60  8:22  Stalker  
  62  8:32  Probe, Nexus  
  61  8:38  Pylon  
  61  8:44  Probe  
  62  8:51  Zealot  
  64  9:13  Immortal  
  68  9:48  Stalker  
  69  10:07  Probe  
  69  10:10  Nexus  
  70  10:22  Warp Prism  
  70  10:23  Nexus  
  70  10:33  Gateway  
  72  10:37  Pylon  
  72  10:45  Robotics Bay  
  72  10:50  Stargate  
  72  10:56  Warp Prism  
  74  11:05  Pylon  
  72  11:21  Zealot  
  68  11:26  Gateway  
  68  11:27  Observer  
  48  11:33  Gravitic Boosters  
  48  11:39  Observer  
  49  11:53  Zealot  
  51  12:25  Stalker  
  53  12:54  Stalker  
  41  13:07  Probe  
  28  13:22  Zealot  
Tags
 
Add a new tag
Caveats
  • Supply blocks, unpowered buildings, or Contaminate may cause inaccurate times.
  • Supply counts are checked every 10 seconds.